 Dungeon Crawl Stone Soup version 0.21.1-1-g345015f (webtiles) character file.

183 kae the Insei (level 5, -2/38 HPs)
             Began as a Demonspawn Transmuter on May 17, 2018.
             Slain by Grinder (8 damage)
             ... on level 3 of the Dungeon.
             The game lasted 00:02:43 (2989 turns).

kae the Insei (Demonspawn Transmuter)               Turns: 2989, Time: 00:02:44

Health: -2/38      AC:  9    Str: 16    XL:     5   Next: 35%
Magic:  9/9        EV: 12    Int: 14    God:
Gold:   173        SH:  0    Dex: 14    Spells: 3/9 levels left

rFire    . . .     SeeInvis .     - Unarmed
rCold    . . .     Gourm    .   (no shield)
rNeg     . . .     Faith    .   b - +0 robe
rPois    .         Spirit   .   (no helmet)
rElec    .         Reflect  .   (no cloak)
rCorr    .         Harm     .   l - +2 pair of gloves
MR       .....                  (no boots)
Stlth    +.........             (no amulet)
HPRegen  0.12/turn              (no ring)
MPRegen  0.11/turn              (no ring)

@: mighty
A: claws 1, iridescent scales 2, spiny 1
a: no special abilities


You were on level 3 of the Dungeon.
You were not hungry.

You visited 1 branch of the dungeon, and saw 3 of its levels.

You collected 173 gold pieces.

Inventory:

Missiles
 a - 86 arrows
Armour
 b - a +0 robe (worn)
 l - a +2 pair of gloves (worn)
Jewellery
 k - a +2 ring of dexterity {unknown}
 p - an uncursed ring of resist corrosion {unknown}
Wands
 q - a wand of iceblast (7)
Scrolls
 f - 2 scrolls of remove curse
 g - a scroll of magic mapping {unknown}
 h - a scroll of amnesia {unknown}
 i - a scroll of teleportation {unknown}
 o - a scroll of enchant weapon {unknown}
Potions
 j - a potion of flight {unknown}
 m - a potion of magic {unknown}
 n - a potion of heal wounds {unknown}
Books
 c - a book of Changes

   Spells                             Type                      Level
   a - Beastly Appendage              Transmutation                1
   b - Sticks to Snakes               Transmutation                2
   c - Spider Form                    Transmutation/Poison         3
   d - Ice Form                       Ice/Transmutation            4
   e - Blade Hands                    Transmutation                5
Comestibles
 d - 8 rations


   Skills:
 + Level 2.1 Fighting
 - Level 1.7 Dodging
 * Level 3.9 Unarmed Combat
 + Level 2.7 Spellcasting
 * Level 3.2 Transmutations


You had 3 spell levels left.
You knew the following spells:

 Your Spells              Type           Power        Failure   Level  Hunger
a - Beastly Appendage     Tmut           ##....       6%          1    #......
b - Sticks to Snakes      Tmut           ##......     9%          2    ###....
c - Spider Form           Tmut/Pois      #.........   32%         3    ###....


Dungeon Overview and Level Annotations

Branches:
Dungeon (3/15)

Altars:

Annotations:
D:3 Grinder


Innate Abilities, Weirdness & Mutations

You have sharp fingernails.
You are mostly covered in iridescent scales. (AC +4)
You are partially covered in sharp spines.


Message History

You hit Grinder.
Grinder is lightly wounded.
You closely miss Grinder.
Grinder is lightly wounded.
Grinder gestures at you. Pain shoots through your body!
You closely miss Grinder. Grinder is struck by your spines. Grinder hits you!
You closely miss Grinder.
Grinder is lightly wounded.
Grinder closely misses you.
You closely miss Grinder.
Grinder is lightly wounded.
Grinder is struck by your spines. Grinder hits you!
* * * LOW HITPOINT WARNING * * *
You writhe in agony.
* * * LOW HITPOINT WARNING * * *
You closely miss Grinder.
Grinder is moderately wounded.
Grinder hits you!
You die...

#####.#.#
##......## .###
.......... ...# #
##........ #... .
##..#.#### #..# .#
##..#.# #..# #.#
##..#.# #..#...
#..#.##
#.####..#.#####
#..(..#
#......@.......
##.#..#
######..5....##
#.#))####
##.#..##.#
#.#..)..####.###.#
#.##........## #..
#.#####.####.# ###
#.# #.# ##.# #.#
#.# #.# ###.# #.#
##


You could see Grinder.

Vanquished Creatures
  Ijyb (D:3)
  Jessica (D:2)
  Natasha (D:3)
  6 adders (D:2)
  2 dart slugs
  2 leopard geckos (D:2)
  3 giant cockroaches
  5 goblins
  4 hobgoblins
  4 quokkas (D:2)
  2 ball pythons (D:2)
  5 bats
  4 frilled lizards
  4 kobolds
  7 rats
51 creatures vanquished.

Notes
Turn   | Place    | Note
-------+----------+-------------------------------------------
     0 | D:1      | kae the Demonspawn Transmuter began the quest for the Orb.
     0 | D:1      | Reached XP level 1. HP: 15/15 MP: 3/3
   667 | D:1      | Gained mutation: You are partially covered in sharp spines. [demonic ancestry]
   667 | D:1      | Reached XP level 2. HP: 21/21 MP: 3/5
   813 | D:2      | Noticed Jessica
   819 | D:2      | HP: 1/21 [Jessica/club (2)]
   820 | D:2      | Killed Jessica
   820 | D:2      | Gained mutation: You have sharp fingernails. [demonic ancestry]
   820 | D:2      | Reached XP level 3. HP: 1/26 MP: 4/6
  1726 | D:2      | Gained mutation: You are partially covered in iridescent scales. (AC +2) [demonic ancestry]
  1726 | D:2      | Reached XP level 4. HP: 28/33 MP: 5/7
  1741 | D:2      | Learned a level 2 spell: Sticks to Snakes
  1745 | D:2      | Learned a level 3 spell: Spider Form
  2410 | D:3      | Found a faded altar of an unknown god.
  2474 | D:3      | Noticed Ijyb
  2488 | D:3      | Killed Ijyb
  2488 | D:3      | Gained mutation: You are mostly covered in iridescent scales. (AC +4) [demonic ancestry]
  2488 | D:3      | Reached XP level 5. HP: 32/38 MP: 7/9
  2666 | D:3      | Noticed Natasha
  2687 | D:3      | Killed Natasha
  2966 | D:3      | Noticed Grinder
  2974 | D:3      | Paralysed by Grinder for 3 turns
  2989 | D:3      | Slain by Grinder

Skill      XL: |  1  2  3  4 |
---------------+-------------+-----
Transmutations | 2 3 |  3.2
Unarmed Combat | 3 |  3.9
Fighting       | 2 |  2.1
Dodging        | |  1.7
Spellcasting   | |  2.7

Action                   |  1- 3 |  4- 6 || total
-------------------------+-------+-------++-------
Melee: Unarmed           |    76 |    78 ||   154
       Kick              |     1 |     4 ||     5
       Headbutt          |     1 |       ||     1
       Punch             |     2 |     1 ||     3
 Cast: Beastly Appendage |     9 |     6 ||    15
  Use: Potion            |     1 |     1 ||     2
       Scroll            |       |     2 ||     2
 Stab: Sleeping          |     1 |     2 ||     3
  Eat: Chunk             |     3 |     4 ||     7
Armor: Robe              |    11 |    18 ||    29
Dodge: Dodged            |    61 |    38 ||    99
